 Dungeon Crawl Stone Soup version 0.19-a0-1168-g98094fc (webtiles) character file.

498590 4thArraOfDagon the Wrestler (level 23, -1/315 HPs)
             Began as a Troll Monk on Aug 15, 2016.
             Was the Champion of Ashenzari.
             Slain by an ancient champion
             ... wielding a +3 battleaxe of draining
              (10 damage)
             ... while paralysed by a lich
             ... on level 3 of the Tomb of the Ancients.
             The game lasted 02:25:20 (21316 turns).

4thArraOfDagon the Wrestler (Troll Monk)           Turns: 21316, Time: 02:25:20

Health: -1/315     AC: 29    Str: 25 (28) XL:     23   Next: 3%
Magic:  16/31      EV:  1    Int: 18      God:    Ashenzari [******]
Gold:   526        SH:  0    Dex: 16      Spells: 6 memorised, 4 levels left

rFire  + + .     SeeInvis +       - Unarmed
rCold  + . .     Gourm    +     (armour currently unavailable)
rNeg   + + +     Faith    .     l - +8 large shield {rF+} (curse)
rPois  ∞         Spirit   .     E - +2 hat (curse)
rElec  +         Dismiss  .     y - +0 cloak "Caehet" {*Contam rC+ Dex+2} (curse)
rCorr  .         Reflect  .     (gloves unavailable)
MR     +....     Harm     .     (boots unavailable)
Stlth  ++++...... Clarity  +    M - macabre finger necklace {rN+} (curse)
                                k - ring "Sanar" {rN+ Str+4 Int+2} (curse)
                                X - ring of Shadows {Umbra +Inv Stlth+} (curse)
                                f - ring "Jitie" {rF+ Str-3 Int+7 Dex+2 SInv} (curse)

@: paralysed, statue-form, slowed, wreathed by umbra
A: unfitting armour, claws 3, (iridescent scales 0), berserk 1, blurry vision 1,
dopey 2, fast metabolism 3, gourmand, mutation resistance 1, regeneration 2,
(shaggy fur 0), strong 1, (tough skin 0)
a: End Transformation, Curse Item, Scrying, Transfer Knowledge, Renounce
Religion, Evoke Invisibility
}: 5/15 runes: decaying, slimy, silver, abyssal, gossamer


You were on level 3 of the Tomb of the Ancients.
You worshipped Ashenzari.
Ashenzari was exalted by your worship.
You were full.
You were a stone statue.
You visited 10 branches of the dungeon, and saw 50 of its levels.
You visited the Abyss 1 time.
You visited 1 bazaar.
You also visited: Labyrinth and Ice Cave.

You collected 4588 gold pieces.
You spent 4062 gold pieces at shops.

Inventory:

Missiles
 m - 48 large rocks (quivered)
 s - 4 throwing nets
Armour
 l - a cursed +8 large shield of fire resistance (worn)
 y - the cursed +0 cloak "Caehet" (worn) {*Contam rC+ Dex+2}
   (You bought it in a shop on level 2 of the Orcish Mines)

   It affects your dexterity (+2).
   It protects you from cold.
   It causes magical contamination when unequipped.
   It has a curse placed upon it.
 E - a cursed +2 hat (worn)
 G - the cursed +2 robe "Dapn" (melded) {*Contam Regen+ Int+3 Dex+3}
   (You acquired it on level 9 of the Dungeon)

   It affects your intelligence (+3).
   It affects your dexterity (+3).
   It causes magical contamination when unequipped.
   It increases your rate of regeneration.
   It has a curse placed upon it.
Magical Staves
 g - an uncursed staff of earth
Rods
 j - a +9 rod of clouds (11/11)
   (You took it off a deep elf high priest on level 3 of the Elven Halls)
Jewellery
 f - the cursed ring "Jitie" (on amulet) {rF+ Str-3 Int+7 Dex+2 SInv}
   (You bought it in a shop on level 2 of the Orcish Mines)

   [ring of dexterity]

   It affects your strength (-3).
   It affects your intelligence (+7).
   It affects your dexterity (+2).
   It protects you from fire.
   It lets you see invisible.
   It has a curse placed upon it.
 k - the cursed ring "Sanar" (right claw) {rN+ Str+4 Int+2}
   (You bought it in a shop on level 9 of the Dungeon)

   [ring of strength]

   It affects your strength (+4).
   It affects your intelligence (+2).
   It protects you from negative energy.
   It has a curse placed upon it.
 w - a +2 ring of protection
 M - the cursed macabre finger necklace (around neck) {rN+}
   (You bought it in a shop on level 2 of the Orcish Mines)

   [amulet of nothing]

   It protects you from negative energy.
   It has a curse placed upon it.
 N - an uncursed ring of protection from magic
 Q - the ring "Zyag" {Ice rElec Str+4}
   (You found it on level 12 of the Dungeon)

   [ring of ice]

   It enhances your ice magic.
   It affects your strength (+4).
   It makes you vulnerable to fire.
   It protects you from cold.
   It insulates you from electricity.
 S - an uncursed ring of resist corrosion
 X - the cursed ring of Shadows (left claw) {Umbra +Inv Stlth+}
   (You bought it in a shop on level 2 of the Orcish Mines)

   [ring of stealth]

   It lets you turn invisible.
   It makes you more stealthy.
   It has a curse placed upon it.
Wands
 e - a wand of heal wounds (3/9)
 r - a wand of teleportation (9/9)
 A - a wand of disintegration (9/24)
 O - a wand of confusion (7/48)
 R - a wand of digging (8/24)
 T - a wand of disintegration (3/24)
 U - a wand of iceblast (6/15)
 Y - a wand of teleportation (0/9)
 Z - a wand of acid (8/15)
Scrolls
 a - 9 scrolls of remove curse
 d - 2 scrolls of fog
 i - 5 scrolls of teleportation
 n - 3 scrolls of magic mapping
 o - 6 scrolls of immolation
 H - 2 scrolls of blinking
 L - 6 scrolls of recharging
 W - a scroll of fear
Potions
 c - 2 potions of magic
 p - 10 potions of curing
 q - a potion of invisibility
 t - 5 potions of cancellation
 v - 3 potions of might
 x - a potion of resistance
 z - 2 potions of flight
 B - 6 potions of agility
 C - 2 potions of brilliance
 I - 11 potions of ambrosia
 K - a potion of berserk rage
 P - a potion of haste
Miscellaneous
 h - a phial of floods
 D - 2 boxes of beasts
 F - 3 sacks of spiders
Comestibles
 b - 25 bread rations
 J - 12 meat rations


   Skills:
 - Level 17.0 Fighting
 + Level 13.6(17.7) Dodging
 - Level 1.1(3.7) Stealth
 - Level 12.7(15.3) Shields
 - Level 25.0 Unarmed Combat
 - Level 6.0 Spellcasting
 - Level 1.5(4.5) Charms
 - Level 1.7(4.8) Necromancy
 - Level 8.9(13.3) Transmutations
 - Level 8.6(13.0) Earth Magic
 - Level 5.8(10.3) Evocations


You had 4 spell levels left.
You knew the following spells:

 Your Spells              Type           Power        Failure   Level  Hunger
a - Blink                 Tloc           N/A          14%         2    None
b - Repel Missiles        Chrm/Air       ##....       8%          2    None
c - Regeneration          Chrm/Necr      ###.......   6%          3    ##.....
d - Statue Form           Tmut/Erth      ######...    10%         6    #######
e - Shatter               Erth           ######....   100%        9    #######
f - Death's Door          Chrm/Necr      ###.......   100%        8    #######


Dungeon Overview and Level Annotations

Branches:
Dungeon (15/15)            Temple (0/1) D:5            Lair (6/6) D:9
  Swamp (4/4) Lair:4       Spider (4/4) Lair:3        Slime (5/5) Lair:5
    Orc (2/2) D:9             Elf (3/3) Orc:2        Vaults (5/5) D:13
  Crypt (3/3) Vaults:2       Tomb (3/3) Crypt:3
 Depths: D:15

Altars:
Ashenzari
Kikubaaqudgha
Qazlal
Sif Muna
Trog
Vehumet
Jiyva

Shops:
D:5 [*   D:6 (   D:9 =   D:10 !   Orc:2 }[%=[

Portals:
Trove: D:10 (show abyssal rune of Zot)

Annotations:
D:3 Natasha
D:5 4thArraOfDagon's ghost, amateur TrMo
D:9 exclusion: upstairs
D:11 Nergalle; poirepourri's ghost, journeyman VSFi
D:14 Frances; Rupert
D:15 exclusion: upstairs
Lair:6 exclusion: hydra, Snorg
Swamp:3 Mara


Innate Abilities, Weirdness & Mutations

You are too large for most types of armour.
You have claws for hands.
Your metabolism is lightning-fast.
You like to eat raw meat.
You heal very quickly.
((You are covered in fur. (AC +1)))
((You have very tough skin. (AC +2)))
((You are partially covered in iridescent scales. (AC +2)))
You tend to lose your temper in combat.
Scrolls take you a little longer to read.
You are very dopey. (Int -4)
You are somewhat resistant to further mutation.
Your muscles are strong. (Str +2)


Message History

* * * LOW HITPOINT WARNING * * *
The lich touches you but does no damage.
The mummy priest calls down the wrath of its god upon you.
Something smites you!
* * * LOW HITPOINT WARNING * * *
The ushabti shakes and rattles.
The vile air hits the wraith.
The vile air hits the ushabti.
The vile air hits the death scarab.
The vile air hits you! The ushabti hits you.
* * * LOW HITPOINT WARNING * * *
The ancient champion hits you with a battleaxe of draining!
* * * LOW HITPOINT WARNING * * *
The mummy hits you but does no damage.
The death scarab bites you but does no damage.
The lich touches you but does no damage.
The greater mummy gestures at you while chanting.
Something smites you!
* * * LOW HITPOINT WARNING * * *
The ancient champion hits you with a battleaxe of draining!
You die... * * * ######## * *** , *#ML8MBM#

* ∆,, **, ,,
,*#WzB8M.# ∆
∆, , * *,,,
,,,*#MW8MzM#*,
∆,, ,, * **, ,
, ,
{,#8BWMMM#,,,∆
,,, , ,,, ∆,
#.884z.#,
,,,,,,, * , ,,
,, ,,#MMMW..#
,, ,, ,,,, ,,,
,,,#MMMzM.#
,∆, ,, ,,, , ,
,,, ,,#......#
,,,, , , , ,
#......#, ,,
,, ,


You could see a greater mummy, a lich, an ancient champion, 4 mummy priests, 2
flayed ghosts, a hellwing, 6 guardian mummies, 5 ushabtiu, a freezing wraith, a
wraith, 3 death scarabs, a flying skull, 6 mummies and 2 wights.

Vanquished Creatures
  the Royal Jelly (Slime:5)
  3 ancient liches (Vaults:5)
  The ghost of Tungsten the Spry, a veteran HEIE of Vehumet (Vaults:5)
  6 greater mummies
  Frederick (Vaults:2)
  Bai Suzhen (Swamp:3)
  3 golden dragons (Vaults:5)
  A shard shrike zombie (Crypt:2)
  2 tentacled monstrosities (Vaults:5)
  3 liches
  Asterion (Elf:1)
  2 quicksilver dragons (Vaults:5)
  2 deep elf master archers (Elf:3)
  A titan (Vaults:5)
  7 sphinxes
  3 ancient champions
  23 acid blobs
  A deep elf blademaster (Elf:3)
  2 tengu reavers (Vaults:5)
  3 shadow dragons (Vaults:5)
  2 storm dragons (Vaults:5)
  11 azure jellies
  3 fire giants
  Roxanne (Spider:1)
  5 revenants
  10 deep elf sorcerers
  4 ghost moths (Spider:4)
  6 emperor scorpions (Spider:4)
  2 frost giants (Vaults:5)
  A draconian shifter (Abyss:4)
  3 iron dragons (Vaults:5)
  10 vault wardens
  8 deep elf elementalists
  12 ironheart preservers
  4 very ugly things
  4 entropy weavers
  A war gargoyle (Vaults:5)
  7 deep elf demonologists
  6 stone giants
  A vampire knight (Crypt:1)
  A large abomination (Elf:3)
  Azrael (Orc:2)
  4 bennus
  4 dire elephants (Abyss:4)
  7 deep elf annihilators
  A spark wasp (Spider:2)
  3 eidola
  An ettin (shapeshifter) (Vaults:5)
  8 death oozes
  10 deep elf death magi
  13 mummy priests
  A minotaur (Lab)
  8 ettins
  5 deep elf high priests
  9 ogre magi
  Fannar (Lair:3)
  8 yaktaur captains
  4 fire dragons
  3 ice dragons
  31 vault guards
  7 hydras
  3 great orbs of eyes
  7 centaur warriors
  A catoblepas (D:15)
  A ghost crab (Swamp:4)
  3 alligators (Swamp:3)
  5 dancing weapons
  3 death knights
  A queen ant (Lair:4)
  10 death scarabs
  A deep troll shaman (Vaults:5)
  2 vampire magi
  5 death yaks (Lair:6)
  2 spriggans (Swamp:1)
  A hell knight (Vaults:4)
  2 small abominations
  8 deep elf knights
  7 skeletal warriors
  2 shadow wraiths (Vaults:3)
  3 wizards
  A spriggan druid (Swamp:3)
  9 deep trolls
  4 flayed ghosts
  A spatial maelstrom (Abyss:4)
  13 deep elf archers
  An unseen horror (D:12)
  2 starcursed masses (Abyss:4)
  7 anubis guards (Tomb:1)
  A shambling mangrove (Swamp:2)
  A giant orange brain (Vaults:3)
  3 hill giants
  8 swamp dragons
  A golden dragon skeleton (Tomb:3)
  17 ugly things
  3 necromancers
  14 orc knights
  19 ironbrand convokers
  4 lindwurms
  4 phantasmal warriors
  14 orb spiders
  26 deep elf magi
  3 shining eyes
  4 orc sorcerers
  2 griffons (Vaults:4)
  24 wolf spiders
  A frost giant zombie (Crypt:1)
  An iron dragon zombie (Crypt:3)
  4 hornets
  A hornet (shapeshifter) (Vaults:2)
  4 cyclopes
  A manticore (D:11)
  2 centaur zombies
  An octopode (shapeshifter) (Vaults:4)
  An iron dragon skeleton (Crypt:1)
  A fire giant zombie (Vaults:4)
  2 moths of wrath
  A frost giant skeleton (Vaults:3)
  A stone giant skeleton (Vaults:3)
  A black mamba (Lair:6)
  6 vault sentinels
  14 elephants
  8 torpor snails
  Psyche (D:11)
  5 eyes of devastation
  9 spiny frogs
  2 ice statues (IceCv)
  3 gargoyles
  5 komodo dragons
  13 demonic crawlers
  2 yaktaur zombies
  12 yaktaurs
  6 rime drakes
  A tengu conjurer (D:13)
  15 trolls
  A troll (shapeshifter) (Vaults:2)
  16 guardian mummies
  9 freezing wraiths
  3 polar bears
  9 giant leeches
  A queen bee (shapeshifter) (Vaults:1)
  19 two-headed ogres
  17 jumping spiders
  A blink frog (shapeshifter) (Elf:3)
  22 blink frogs
  6 ushabtiu
  A hydra skeleton (Tomb:1)
  37 slime creatures
  3 boulder beetles
  A meliai zombie (D:15)
  8 bog bodies
  A fire giant simulacrum (Crypt:1)
  An ettin skeleton (Vaults:4)
  An air elemental (Elf:3)
  25 tarantellas
  3 water elementals
  62 yaks
  4 shadows
  61 redbacks
  5 wraiths
  4 wyverns
  3 basilisks
  A hog (D:14)
  4 humans
  5 hippogriffs
  8 golden eyes
  3 steam dragons (Swamp:4)
  6 fire elementals
  Grum (D:8)
  5 vampire mosquitoes
  5 wargs
  5 mottled dragons
  20 soldier ants
  3 hungry ghosts
  7 swamp worms
  6 insubstantial wisps (Swamp:4)
  9 water moccasins
  6 hell hounds (Orc:2)
  A meliai simulacrum (D:12)
  27 orc warriors
  3 porcupines
  11 swamp drakes
  A hell hound (shapeshifter) (Vaults:5)
  21 ice beasts
  A snapping turtle zombie (Crypt:2)
  An eye of draining (shapeshifter) (Vaults:5)
  5 eyes of draining
  12 wasps
  17 wolves
  A phantom (D:12)
  A sky beast (D:12)
  A tengu (shapeshifter) (D:13)
  50 ogres
  A manticore skeleton (Crypt:3)
  4 boggarts (Vaults:3)
  11 centaurs
  9 crocodiles
  2 necrophages
  A big kobold (D:12)
  A draconian zombie (Crypt:1)
  14 giant frogs
  An earth elemental (Elf:2)
  A troll zombie (D:8)
  8 scorpions
  5 killer bees
  A troll skeleton (Tomb:2)
  8 wights
  6 electric eels
  7 crimson imps
  2 howler monkeys
  A quasit (D:11)
  2 hounds
  4 giant frog skeletons
  4 human zombies
  A jelly (D:12)
  14 orc priests
  2 centaur skeletons
  A gnoll shaman (Orc:1)
  2 human skeletons
  6 iguanas
  28 worker ants
  16 orc wizards
  16 sheep
  A giant frog simulacrum (D:12)
  An ogre zombie (D:8)
  A centaur simulacrum (D:12)
  2 hound zombies
  A naga skeleton (Crypt:3)
  10 mummies
  A worker ant zombie (D:11)
  7 gnolls
  17 river rats
  4 adders
  2 shadow imps
  3 white imps (D:12)
  An ufetubus (D:12)
  3 worms (Lair:3)
  4 giant geckos
  83 orcs
  A ball python (D:3)
  8 giant cockroaches
  2 goblins (D:1)
  5 hobgoblins
  7 jackals
  6 kobolds
  4 quokkas
  3 bats
  A quokka skeleton (D:8)
  4 rats
  3 crawling corpses (Crypt:1)
  A fungus (Lair:6)
  2 plants
1613 creatures vanquished.

Vanquished Creatures (others)
  An ironheart preserver (Vaults:3)
  A deep elf high priest (Elf:3)
  A fire crab (Swamp:4)
  A spriggan druid (Swamp:4)
  A deep troll (Vaults:4)
  A wolf spider (Spider:4)
  A cyclops (D:15)
  An ushabti (Tomb:2)
  A redback (Spider:1)
  3 swamp drakes (Swamp:4)
  An ogre (Vaults:4)
  2 centaurs (D:13)
  A mummy (Tomb:3)
  An adder (D:12)
  4 orcs
  A rat (D:2)
  8 fungi
  12 plants (Lair:6)
42 creatures vanquished.

Grand Total: 1655 creatures vanquished

Notes
Turn   | Place    | Note
-------+----------+-------------------------------------------
     0 | D:1      | 4thArraOfDagon the Troll Monk began the quest for the Orb.
     0 | D:1      | Reached XP level 1. HP: 22/22 MP: 0/0
     0 | D:1      | jacquesderrida: deng
     0 | D:1      | jacquesderrida: Trall-men
   121 | D:1      | Reached XP level 2. HP: 29/29 MP: 1/1
   168 | D:2      | Found a shattered altar of Ashenzari.
   175 | D:2      | Became a worshipper of Ashenzari the Shackled
   175 | D:2      | Reached * piety under Ashenzari
   175 | D:2      | Reached ** piety under Ashenzari
   307 | D:3      | Reached skill level 4 in Unarmed Combat
   360 | D:3      | Reached XP level 3. HP: 36/36 MP: 2/2
   556 | D:4      | Found a bloodstained altar of Trog.
   602 | D:3      | Noticed Natasha
   653 | D:4      | Noticed a scorpion
   656 | D:4      | Noticed a centaur
   661 | D:4      | Killed a scorpion
   661 | D:4      | Reached skill level 1 in Shields
   661 | D:4      | Reached skill level 5 in Unarmed Combat
   661 | D:4      | Reached XP level 4. HP: 42/44 MP: 3/3
   680 | D:4      | Found a stormy altar of Qazlal.
   713 | D:4      | Killed a centaur
   713 | D:4      | Reached XP level 5. HP: 33/50 MP: 4/4
   791 | D:5      | Entered Level 5 of the Dungeon
   791 | D:5      | Noticed an ogre
   792 | D:5      | Killed an ogre
   792 | D:5      | Reached XP level 6. HP: 59/59 MP: 5/5
   807 | D:5      | Found Muxum's General Store.
   813 | D:5      | Bought a scroll of identify for 28 gold pieces
   847 | D:5      | Bought a scroll of enchant armour for 105 gold pieces
   847 | D:5      | Bought a scroll of random uselessness for 14 gold pieces
   881 | D:5      | Noticed 4thArraOfDagon's ghost (amateur TrMo)
   898 | D:5      | Found a staircase to the Ecumenical Temple.
   938 | D:5      | Found Adeh's Antique Armour Shop.
   990 | D:5      | Found a radiant altar of Vehumet.
  1132 | D:5      | Reached skill level 6 in Unarmed Combat
  1223 | D:6      | Found Ruyky's Weapon Emporium.
  1309 | D:6      | Reached XP level 7. HP: 65/66 MP: 6/6
  1441 | D:5      | Bought a runed hat for 64 gold pieces
  1515 | D:7      | Noticed a human
  1538 | D:7      | Killed a human
  1538 | D:7      | Reached skill level 5 in Shields
  1583 | D:7      | Noticed a hungry ghost
  1590 | D:7      | Killed a hungry ghost
  1590 | D:7      | Reached skill level 7 in Unarmed Combat
  1590 | D:7      | Reached XP level 8. HP: 73/74 MP: 7/7
  1727 | D:8      | Reached *** piety under Ashenzari
  1843 | D:8      | Reached skill level 8 in Unarmed Combat
  1899 | D:8      | Found an ancient bone altar of Kikubaaqudgha.
  2033 | D:8      | Reached skill level 9 in Unarmed Combat
  2033 | D:8      | Reached XP level 9. HP: 70/80 MP: 8/8
  2154 | D:8      | Noticed Grum
  2193 | D:8      | Killed Grum
  2348 | D:9      | Found Igrowink's Jewellery Boutique.
  2348 | D:9      | Found a staircase to the Orcish Mines.
  2392 | D:9      | Found a staircase to the Lair.
  2531 | D:9      | Reached skill level 10 in Unarmed Combat
  2671 | D:10     | Entered Level 10 of the Dungeon
  2727 | D:10     | Found a portal to a secret trove of treasure.
  2840 | D:10     | Found Ifutepac's Distillery.
  2858 | D:10     | Bought a potion of might for 52 gold pieces
  2858 | D:10     | Bought a potion of agility for 52 gold pieces
  2858 | D:10     | Bought a potion of lignification for 39 gold pieces
  2922 | D:9      | Reached skill level 11 in Unarmed Combat
  3049 | D:11     | Reached XP level 10. HP: 76/88 MP: 9/9
  3070 | D:11     | Reached **** piety under Ashenzari
  3072 | D:11     | Noticed poirepourri's ghost (journeyman VSFi)
  3075 | D:11     | Noticed Psyche
  3105 | D:11     | Noticed Nergalle
  3229 | D:12     | Identified the ring "Zyag" {Ice rElec Str+4}
  3277 | D:12     | Noticed an unseen horror
  3385 | D:12     | Noticed a hill giant
  3390 | D:12     | Killed a hill giant
  3390 | D:12     | Reached skill level 12 in Unarmed Combat
  3448 | D:12     | Found a frozen archway.
  3509 | IceCv    | Entered an ice cave
  3556 | IceCv    | Reached XP level 11. HP: 100/100 MP: 10/10
  3591 | IceCv    | Reached skill level 13 in Unarmed Combat
  3711 | IceCv    | Noticed an ice dragon
  3711 | IceCv    | Noticed an ice dragon
  3722 | IceCv    | Killed an ice dragon
  3728 | IceCv    | Killed an ice dragon
  4006 | D:12     | Killed an unseen horror
  4006 | D:12     | Reached skill level 5 in Fighting
  4006 | D:12     | Reached skill level 5 in Dodging
  4050 | D:11     | Reached skill level 1 in Evocations
  4082 | D:11     | Learned a level 2 spell: Blink
  4085 | D:11     | Learned a level 2 spell: Repel Missiles
  4213 | D:12     | Noticed an orc sorcerer
  4235 | D:12     | Paralysed by an orc sorcerer for 4 turns
  4243 | D:12     | Killed an orc sorcerer
  4249 | D:12     | Noticed an orc knight
  4260 | D:12     | Killed an orc knight
  4384 | D:13     | Noticed a deep elf mage
  4388 | D:13     | Noticed a centaur warrior
  4393 | D:12     | Reached skill level 14 in Unarmed Combat
  4470 | D:13     | Noticed a vault guard
  4470 | D:13     | Noticed a vault guard
  4524 | D:11     | Killed Psyche
  4579 | D:11     | Reached XP level 12. HP: 111/111 MP: 12/12
  4619 | Orc:1    | Entered Level 1 of the Orcish Mines
  4625 | Orc:1    | Paralysed by an orc sorcerer for 5 turns
  4739 | Orc:2    | Entered Level 2 of the Orcish Mines
  4823 | Orc:2    | Noticed an ettin
  4950 | Orc:2    | Noticed Azrael
  5445 | D:13     | Killed a centaur warrior
  5521 | D:14     | Noticed Frances
  5597 | D:14     | Reached ***** piety under Ashenzari
  5632 | D:14     | Noticed a death knight
  5669 | D:14     | Killed a death knight
  5688 | D:14     | Reached skill level 15 in Unarmed Combat
  5845 | D:15     | Entered Level 15 of the Dungeon
  5854 | D:14     | Noticed a centaur warrior
  5862 | D:14     | Killed a centaur warrior
  5870 | D:14     | Noticed Rupert
  5959 | D:14     | Noticed a five-headed hydra
  6112 | D:15     | Noticed a centaur warrior
  6126 | D:15     | Killed a centaur warrior
  6129 | D:15     | Reached XP level 13. HP: 75/123 MP: 15/15
  6558 | D:12     | Gained mutation: Armour fits poorly on your strangely shaped body. [mutagenic meat]
  6561 | D:12     | Gained mutation: You have sharp toenails. [mutagenic meat]
  6564 | D:12     | Gained mutation: You are weak. (Str -2) [mutagenic meat]
  6567 | D:12     | Gained mutation: Your body sometimes deteriorates upon taking damage. [mutagenic meat]
  6570 | D:12     | Lost mutation: You are weak. (Str -2) [mutagenic meat]
  6573 | D:12     | Gained mutation: You are partially covered in iridescent scales. (AC +2) [mutagenic meat]
  6655 | Orc:1    | Killed an ettin
  6702 | Orc:1    | Reached skill level 5 in Evocations
  6720 | Orc:2    | Noticed an ettin
  6814 | Orc:1    | Reached skill level 16 in Unarmed Combat
  6842 | Orc:1    | Killed an ettin
  6944 | Orc:2    | Found Atusecum's Armour Boutique.
  6951 | Orc:2    | Found a staircase to the Elven Halls.
  6965 | Orc:2    | Found Zukhuw's Food Boutique.
  6966 | Orc:2    | Found Zavuwet's Antique Armour Emporium.
  7030 | Orc:2    | Found Pioc's Jewellery Shop.
  7033 | Orc:2    | Bought a shimmering cloak for 275 gold pieces
  7065 | Orc:2    | Identified the cursed +0 cloak "Caehet" {*Contam rC+ Dex+2} (You bought it in a shop on level 2 of the Orcish Mines)
  7077 | Orc:2    | Bought the macabre finger necklace {rN+} for 205 gold pieces
  7077 | Orc:2    | Bought the ring of Shadows {Umbra +Inv Stlth+} for 346 gold pieces
  7153 | Orc:2    | Found Vaveugi's Quality Used Wands.
  7341 | Orc:2    | Bought the ring "Jitie" {rF+ Str-3 Int+7 Dex+2 SInv} for 375 gold pieces
  7371 | Orc:2    | Killed Azrael
  7476 | Orc:1    | Paralysed by an orc sorcerer for 7 turns
  7531 | Elf:1    | Entered Level 1 of the Elven Halls
  7921 | Orc:2    | Bought a wand of teleportation (0/9) for 192 gold pieces
  8020 | Lair:1   | Entered Level 1 of the Lair of Beasts
  8033 | Lair:1   | Reached XP level 14. HP: 123/135 MP: 17/17
  8223 | Lair:2   | Found a labyrinth entrance.
  8305 | Lab      | Entered a labyrinth
  8418 | Lab      | Identified the Volume of Shifting Envenoming
  8425 | Lab      | Learned a level 5 spell: Blade Hands
  8512 | Lair:3   | You fall through a shaft for 2 floors!
  8565 | Lair:5   | Reached skill level 1 in Transmutations
  8653 | Lair:6   | Entered Level 6 of the Lair of Beasts
  8817 | Lair:6   | Reached ****** piety under Ashenzari
  8857 | Lair:6   | Noticed Snorg
  8940 | Lair:6   | Reached skill level 1 in Spellcasting
  8956 | Lair:6   | Reached skill level 17 in Unarmed Combat
  9212 | Lair:6   | Found a runed door.
  9640 | Lair:4   | Identified 3 scrolls of acquirement
  9756 | Lair:4   | Turgon: wow
  9757 | Lair:4   | Turgon: manual fighting
  9819 | Lair:4   | Noticed an entropy weaver
  9972 | Lair:3   | Found a hole to the Spider Nest.
 10027 | Lair:3   | Noticed Fannar
 10185 | Lair:3   | Killed Fannar
 10321 | Lair:2   | :D
 10391 | Lair:2   | Reached XP level 15. HP: 136/146 MP: 18/18
 10648 | Spider:1 | Entered Level 1 of the Spider Nest
 10737 | Spider:1 | Reached skill level 10 in Dodging
 10867 | Spider:1 | Reached skill level 10 in Fighting
 11143 | Spider:1 | Noticed Roxanne
 11165 | Spider:1 | Turgon: haha
 11168 | Spider:1 | Turgon: roxanne
 11168 | Spider:1 | Turgon: statue form
 11168 | Spider:1 | Turgon: +Inv
 11189 | Spider:1 | Killed Roxanne
 11199 | Spider:1 | Learned a level 6 spell: Statue Form
 11231 | Spider:2 | Reached skill level 5 in Transmutations
 11284 | Spider:2 | Reached skill level 1 in Earth Magic
 12242 | Spider:3 | Identified the +6 chain mail "Qitsu" {Int+2 Dex+3 Stlth-}
 12341 | Spider:4 | Entered Level 4 of the Spider Nest
 12468 | Spider:4 | Learned a level 3 spell: Regeneration
 12777 | Spider:4 | Reached XP level 16. HP: 156/161 MP: 3/20
 12793 | Spider:4 | Reached skill level 5 in Earth Magic
 13001 | Spider:4 | Got a gossamer rune of Zot
 13359 | Lair:4   | Found a staircase to the Swamp.
 13390 | Swamp:1  | Entered Level 1 of the Swamp
 13655 | Swamp:4  | Entered Level 4 of the Swamp
 13731 | Swamp:3  | Noticed Bai Suzhen
 13737 | Swamp:3  | Killed Bai Suzhen
 13737 | Swamp:3  | Reached skill level 5 in Spellcasting
 13738 | Swamp:3  | Noticed Mara
 13831 | Swamp:4  | Reached XP level 17. HP: 169/169 MP: 23/23
 13882 | Swamp:4  | Turgon: Fire themed bottom level of swamp
 13896 | Swamp:4  | Turgon: I haven't seen this for ages
 13906 | Swamp:4  | Got a decaying rune of Zot
 14371 | Lair:5   | Found a viscous altar of Jiyva.
 14371 | Lair:5   | Found a staircase to the Slime Pits.
 14381 | Slime:1  | Entered Level 1 of the Pits of Slime
 14402 | Slime:1  | 4thArraOfDagon: forgot about clarity :D
 14409 | Slime:1  | Turgon: :-)
 14430 | Slime:3  | Turgon: But you were in spider
 14445 | Slime:3  | Turgon: And you haven't been confused by tarantellas
 14476 | Slime:4  | Noticed an acid blob
 14481 | Slime:4  | Killed an acid blob
 14488 | Slime:4  | Found a viscous altar of Jiyva.
 14488 | Slime:4  | Noticed an acid blob
 14490 | Slime:4  | Noticed an acid blob
 14533 | Slime:4  | Noticed an acid blob
 14533 | Slime:4  | Noticed an acid blob
 14533 | Slime:4  | Noticed an acid blob
 14533 | Slime:4  | Noticed an acid blob
 14533 | Slime:4  | Noticed an acid blob
 14542 | Slime:3  | Killed an acid blob
 14552 | Slime:3  | Killed an acid blob
 14571 | Slime:3  | Turgon: you have regen spell btw
 14611 | Slime:4  | Noticed an acid blob
 14617 | Slime:3  | Killed an acid blob
 14662 | Slime:4  | Killed an acid blob
 14666 | Slime:4  | Reached skill level 1 in Charms
 14666 | Slime:4  | Reached skill level 1 in Necromancy
 14674 | Slime:4  | Killed an acid blob
 14700 | Slime:4  | Noticed an acid blob
 14711 | Slime:4  | Killed an acid blob
 14714 | Slime:4  | Noticed an acid blob
 14770 | Slime:4  | Killed an acid blob
 14787 | Slime:4  | Gained mutation: You are frail. (-10% HP) [a shining eye]
 14842 | Slime:4  | Killed an acid blob
 14910 | Slime:4  | HP: 4/154 [acid (6)]
 14953 | Slime:5  | Entered Level 5 of the Pits of Slime
 14956 | Slime:5  | Noticed an acid blob
 14980 | Slime:5  | Killed an acid blob
 14988 | Slime:5  | Gained mutation: You are dopey. (Int -2) [a shining eye]
 14988 | Slime:5  | Gained mutation: You are very dopey. (Int -4) [a shining eye]
 14990 | Slime:5  | Gained mutation: Your magical capacity is low. (-10% MP) [a shining eye]
 15106 | Slime:4  | Killed an acid blob
 15110 | Slime:4  | Killed an acid blob
 15181 | Slime:5  | Noticed an acid blob
 15213 | Slime:5  | Noticed an acid blob
 15221 | Slime:5  | Killed an acid blob
 15265 | Slime:5  | Noticed the Royal Jelly
 15291 | Slime:5  | Noticed an acid blob
 15304 | Slime:5  | Killed an acid blob
 15304 | Slime:5  | Reached XP level 18. HP: 169/169 MP: 14/23
 15308 | Slime:5  | Gained mutation: You are very frail. (-20% HP) [a shining eye]
 15310 | Slime:5  | Gained mutation: You are extremely frail. (-30% HP) [a shining eye]
 15381 | Slime:5  | Found a viscous altar of Jiyva.
 15501 | Slime:5  | jacquesderrida: oooo
 15512 | Slime:5  | jacquesderrida: >>>>>>>>>>>>>>>>>>>>>>>>eshenzeri
 15512 | Slime:5  | jacquesderrida: Vert gud
 15515 | Slime:5  | Killed the Royal Jelly
 15516 | Slime:5  | Identified the +0 scale mail "Uskob" {Str+3}
 15518 | Slime:5  | jacquesderrida: O
 15520 | Slime:5  | Turgon: he starts liking Ash
 15536 | Slime:5  | Identified the +2 leather armour of Beyond {MR+ Dex+5}
 15537 | Slime:5  | Turgon: even for speedruns
 15542 | Slime:5  | Turgon: like me :-)
 15555 | Slime:5  | jacquesderrida: Especially for speedruns...
 15578 | Slime:5  | Turgon: well, quite weak start usually
 15591 | Slime:5  | Turgon: but playing monk helps a lot with piety
 15616 | Slime:5  | Lost mutation: Armour fits poorly on your strangely shaped body. [potion of mutation]
 15642 | Slime:5  | Identified the Catalogue of Icy Ignition
 15673 | Slime:5  | Got a slimy rune of Zot
 16076 | Elf:1    | Found a deep blue altar of Sif Muna.
 16118 | Elf:2    | Noticed Asterion
 16131 | Elf:2    | Noticed a Brimstone Fiend
 16141 | Elf:1    | Killed Asterion
 16186 | Elf:2    | Reached skill level 15 in Fighting
 16394 | Elf:3    | Entered Level 3 of the Elven Halls
 16439 | Elf:3    | arkorax: he is a troll
 16472 | Elf:3    | arkorax: strong start till lair :)
 16589 | Elf:3    | Noticed a Brimstone Fiend
 16762 | Elf:3    | Reached XP level 19. HP: 144/144 MP: 20/24
 16860 | Elf:3    | Noticed a Brimstone Fiend
 16970 | Elf:3    | Identified Nody's Handbook of Enchanting Attacks
 17020 | Elf:3    | Gained mutation: You have razor-sharp toenails. [potion of beneficial mutation]
 17025 | Elf:3    | Lost mutation: You have razor-sharp toenails. [potion of cure mutation]
 17025 | Elf:3    | Lost mutation: You are extremely frail. (-30% HP) [potion of cure mutation]
 17025 | Elf:3    | Lost mutation: You have sharp toenails. [potion of cure mutation]
 17025 | Elf:3    | Lost mutation: Your body sometimes deteriorates upon taking damage. [potion of cure mutation]
 17025 | Elf:3    | Lost mutation: Your magical capacity is low. (-10% MP) [potion of cure mutation]
 17026 | Elf:3    | meh
 17319 | D:9      | Bought the ring "Sanar" {rN+ Str+4 Int+2} for 551 gold pieces
 17320 | D:9      | Identified the cursed +2 robe "Dapn" {*Contam Regen+ Int+3 Dex+3} (You acquired it on level 9 of the Dungeon)
 17510 | D:13     | Found a gate to the Vaults.
 17517 | Vaults:1 | Entered Level 1 of the Vaults
 17517 | Vaults:1 | Identified the +0 helmet of Ceimody {rElec MR- Int+6}
 17536 | Vaults:1 | Paralysed by an ogre mage for 2 turns
 17707 | Vaults:1 | Reached skill level 10 in Shields
 17795 | Vaults:2 | Found a flickering gateway to a bazaar.
 17825 | Bazaar   | Entered a bazaar
 17825 | Bazaar   | Found Kahyza Zimi's Gadget Boutique.
 17829 | Bazaar   | Bought a wand of teleportation (4/9) for 312 gold pieces
 17839 | Bazaar   | Found Wisali Noaf's Antique Weapon Shoppe.
 17850 | Bazaar   | Found Wetiun's General Store.
 17858 | Bazaar   | Bought a scroll of teleportation for 24 gold pieces
 17858 | Bazaar   | Bought a potion of agility for 32 gold pieces
 17858 | Bazaar   | Bought a scroll of magic mapping for 28 gold pieces
 17861 | Bazaar   | Found Fynega's Distillery.
 17862 | Bazaar   | Found Yptupno's Antique Armour Emporium.
 17877 | Bazaar   | Bought an ominously black robe for 131 gold pieces
 17877 | Bazaar   | Identified the +2 robe of the Kettle-Drum {+Inv rPois} (You bought it in a shop in a bazaar)
 17887 | Bazaar   | Learned a level 9 spell: Shatter
 17896 | Bazaar   | Bought a potion of ambrosia for 120 gold pieces
 17896 | Bazaar   | Bought a potion of ambrosia for 120 gold pieces
 17896 | Bazaar   | Bought a potion of haste for 150 gold pieces
 17896 | Bazaar   | Bought a potion of cancellation for 120 gold pieces
 17896 | Bazaar   | Bought a potion of curing for 45 gold pieces
 17896 | Bazaar   | Bought a potion of might for 60 gold pieces
 17896 | Bazaar   | Bought a potion of agility for 60 gold pieces
 17896 | Bazaar   | Bought a potion of mutation for 37 gold pieces
 17896 | Bazaar   | Bought a potion of beneficial mutation for 525 gold pieces
 17896 | Bazaar   | Gained mutation: You tend to lose your temper in combat. [potion of mutation]
 17896 | Bazaar   | Gained mutation: Your muscles are strong. (Str +2) [potion of mutation]
 17897 | Bazaar   | Gained mutation: You are somewhat resistant to further mutation. [potion of beneficial mutation]
 18038 | Vaults:2 | Gained mutation: Your magical capacity is low. (-10% MP) [mutagenic meat]
 18046 | Vaults:2 | Lost mutation: You are very frail. (-20% HP) [mutagenic meat]
 18239 | Vaults:2 | Noticed Frederick
 18242 | Vaults:2 | hi
 18244 | Vaults:2 | Killed Frederick
 18248 | Vaults:2 | bye
 18263 | Vaults:2 | magipi: hello
 18299 | Vaults:2 | Lost mutation: Your magical capacity is low. (-10% MP) [mutagenic meat]
 18374 | Vaults:3 | Identified a +9 rod of clouds (11/11) (You took it off a deep elf high priest on level 3 of the Elven Halls)
 18389 | Vaults:3 | Noticed a Tzitzimitl
 18404 | Vaults:3 | Reached XP level 20. HP: 191/196 MP: 28/28
 18418 | Vaults:3 | magipi: wow
 18457 | Vaults:2 | 4thArraOfDagon: hi
 18780 | Vaults:3 | Reached skill level 18 in Unarmed Combat
 18865 | Vaults:4 | magipi: do you have rmut mut?
 18900 | Vaults:4 | Cast into level 4 of the Abyss (a lich)
 18901 | Abyss:4  | ty
 18901 | Abyss:4  | free rune
 18921 | Abyss:4  | magipi: awesome
 18940 | Abyss:4  | Found a corrupted altar of Lugonu.
 18943 | Abyss:4  | Got an abyssal rune of Zot
 18964 | Abyss:4  | Found a corrupted altar of Lugonu.
 19002 | Vaults:4 | Escaped the Abyss
 19020 | Vaults:4 | 4thArraOfDagon: yeaa
 19020 | Vaults:4 | 4thArraOfDagon: rmut along with crappy muts
 19125 | Vaults:4 | magipi: also, Ash? wtf
 19248 | Vaults:5 | Entered Level 5 of the Vaults
 19253 | Vaults:5 | Noticed an ancient lich
 19256 | Vaults:5 | Killed an ancient lich
 19256 | Vaults:5 | Reached skill level 19 in Unarmed Combat
 19398 | Vaults:5 | Lost mutation: You are frail. (-10% HP) [mutagenic meat]
 19398 | Vaults:5 | ok
 19407 | Vaults:5 | Gained mutation: Scrolls take you a little longer to read. [mutagenic meat]
 19410 | Vaults:5 | Identified the +2 robe of Courage {Str+4}
 19470 | Vaults:5 | Reached skill level 20 in Unarmed Combat
 19535 | Vaults:5 | Reached XP level 21. HP: 226/226 MP: 27/29
 19551 | Vaults:5 | Noticed a golden dragon
 19557 | Vaults:5 | Killed a golden dragon
 19721 | Vaults:5 | Reached skill level 21 in Unarmed Combat
 19724 | Vaults:5 | Noticed a golden dragon
 19725 | Vaults:5 | Killed a golden dragon
 19759 | Vaults:5 | Identified the amulet of Ziguicwu {*Corrode rF+ Regen+ Slay+3} (You took it off an orc warrior on level 5 of the Vaults)
 19778 | Vaults:5 | Identified the cursed +1 leather armour of the Morning Star {rElec Int+6 Dex-5}
 19842 | Vaults:5 | Noticed Tungsten's ghost (veteran HEIE)
 19844 | Vaults:5 | hi
 19867 | Vaults:5 | Killed Tungsten's ghost
 19870 | Vaults:5 | RIP BUD
 19879 | Vaults:5 | Noticed an ancient lich
 19880 | Vaults:5 | Killed an ancient lich
 19884 | Vaults:5 | Noticed a golden dragon
 19887 | Vaults:5 | Killed a golden dragon
 19887 | Vaults:5 | Reached skill level 22 in Unarmed Combat
 19993 | Vaults:5 | Got a silver rune of Zot
 20000 | Vaults:5 | Noticed an ancient lich
 20003 | Vaults:5 | Killed an ancient lich
 20053 | Vaults:5 | Learned a level 8 spell: Death's Door
 20189 | Vaults:2 | Reached XP level 22. HP: 235/235 MP: 28/30
 20257 | Vaults:2 | Found a staircase to the Crypt.
 20266 | Crypt:1  | Entered Level 1 of the Crypt
 20283 | Crypt:1  | Reached skill level 23 in Unarmed Combat
 20445 | Crypt:3  | Entered Level 3 of the Crypt
 20461 | Crypt:3  | Paralysed by a lich for 2 turns
 20498 | Crypt:3  | Found a staircase to the Tomb.
 20507 | Tomb:1   | Entered Level 1 of the Tomb of the Ancients
 20626 | Tomb:1   | Noticed a greater mummy
 20638 | Tomb:1   | Killed a greater mummy
 20719 | Tomb:1   | Reached skill level 24 in Unarmed Combat
 20751 | Tomb:1   | Noticed a greater mummy
 20760 | Tomb:1   | Noticed a greater mummy
 20762 | Tomb:1   | Noticed a greater mummy
 20762 | Tomb:1   | magipi: sw is the stairs
 20763 | Tomb:1   | Noticed a greater mummy
 20772 | Tomb:1   | Killed a greater mummy
 20782 | Tomb:1   | magipi: oh
 20853 | Tomb:1   | Killed a greater mummy
 20928 | Tomb:2   | Noticed a greater mummy
 20930 | Tomb:2   | Noticed a greater mummy
 20931 | Tomb:2   | Noticed an ancient lich
 20935 | Tomb:2   | Noticed a greater mummy
 20941 | Tomb:2   | jacquesderrida: pls no bully eshenzeri
 20956 | Tomb:2   | jacquesderrida: wew
 21049 | Tomb:3   | Entered Level 3 of the Tomb of the Ancients
 21068 | Tomb:3   | Noticed a greater mummy
 21107 | Tomb:3   | Noticed a greater mummy
 21133 | Tomb:2   | Killed a greater mummy
 21172 | Tomb:3   | Noticed a greater mummy
 21178 | Tomb:2   | Killed a greater mummy
 21203 | Tomb:3   | Noticed a greater mummy
 21264 | Tomb:2   | Killed a greater mummy
 21264 | Tomb:2   | Reached skill level 25 in Unarmed Combat
 21264 | Tomb:2   | Reached XP level 23. HP: 189/243 MP: 16/31
 21312 | Tomb:3   | Paralysed by a lich for 7 turns
 21316 | Tomb:3   | HP: 9/315 [greater mummy/divine providence (8)]
 21316 | Tomb:3   | Slain by an ancient champion

Vault maps used:
D:1:      scummos_arrival_checkerplants
D:2:      nicolae_overflow_crystal_walls, old_standard_altar,
          lemuel_doored_altar, lemuel_round_altar, fedhas_altar_3,
          serial_forest, infiniplex_forest_end_1, infiniplex_forest_clump_cross,
          infiniplex_forest_clump_diagonal, infiniplex_forest_clump_tiny,
          lemuel_flame_loot_1, uniq_robin
D:3:      nemelex_altar_shiori, lemuel_crystal_altar, uniq_natasha
D:4:      overflow_temple_1_default, grunt_qazlal_clouds, bloody_trog,
          first_bread
D:5:      lemuel_crystal_altar, serial_shops, shop, nicolae_shop_crystal,
          shop_statue
D:6:      serial_shops, shop, minmay_bent
D:7:      grunt_livestock
D:8:      lemuel_mausoleum_altar_kikubaaqudgha, special_room, serial_bayou,
          serial_bayou_pond_e, serial_bayou_lagoon_a, serial_bayou_crossing,
          serial_bayou_pond_c, uniq_grum
D:9:      lair_0_dummy, orc_0_dummy, serial_shops, shop
D:10:     serial_shops, shop, nicolae_shop_behind_doors,
          nicolae_trove_entry_columns, uniq_erolcha
D:11:     uniq_psyche, uniq_nergalle
D:12:     serial_ice, serial_ice_g, serial_ice_c, serial_ice_a, serial_ice_l,
          serial_ice_f, serial_ice_b, portal_ice_cave_entry_animals_and_master
D:13:     grunt_vaults_entry_fortified
D:14:     serial_park_square3, serial_shops, shop_statue, uniq_kirke,
          uniq_frances, uniq_rupert
D:15:     gammafunk_enter_depths_forms, minivault_26
Lair:1:   ldierk_geyser, uniq_joseph
Lair:2:   lab_entry_generic, grunt_megastairs_5
Lair:3:   nicolae_spider_entry_non_spiders, special_room, beast_lair_carwin_1,
          lemuel_fruit_tree, uniq_fannar
Lair:4:   minmay_swamp_entry_eels, columned_hall_lemuel, minivault_29,
          grunt_megastairs_2
Lair:5:   dpeg_slime_entry_enclosed_altar
Lair:6:   wormcave, nicolae_quartered_pool_little, uniq_snorg
Swamp:1:  evilmike_swamp_ruin_house_1
Swamp:2:  evilmike_swamp_ruin_house_4, swamp_pool5
Swamp:3:  evilmike_swamp_ruin_rubble_2, infiniplex_staircase_pool, uniq_mara,
          uniq_bai_suzhen
Swamp:4:  swamp_fiery
Spider:1: uniq_roxanne
Spider:2: nicolae_spider_webbed_stairs
Spider:3: spider_trap
Spider:4: grunt_spider_rune_circles
Slime:4:  basic_altar, nicolae_slime_welcoming_committee
Orc:2:    st_orc_open, nicolae_for_you_no_charge, uniq_azrael
Elf:1:    minmay_elf_arrival_summoners, basic_altar, minmay_elf_necromancy,
          elves_outpost_lemuel
Elf:2:    uniq_asterion
Elf:3:    minmay_elf_hall_spiked, small_statue_intersection
Vaults:1: vaults_room_hallway, hangedman_vaults_impose,
          ontoclasm_vaults_claustrophobia, vaults_mumra_hex,
          nicolae_vaults_circle_grid_a, v_misc_27,
          vaults_room_grunt_arrival_ludios, vaults_room_semicircle,
          dpeg_vaults_monster_box, v_misc_5, uniq_nikola
Vaults:2: minmay_crypt_entry_simple_round, nicolae_vaults_network_quinsquares,
          nicolae_vaults_specimen_jars, grunt_vaults_trifunnel,
          nicolae_vaults_theta, v_alt_pattern_6, v_misc_31,
          ontoclasm_vaults_spin, serial_shops, bzr_entry_customers,
          uniq_frederick
Vaults:3: nicolae_vaults_diagonal_hallway_7, v_rooms_1, v_pattern_5,
          vaults_room_pools, v_alt_pattern_2, vaults_mumra_chevron_long,
          vaults_room_fours, v_alt_pattern_1, ontoclasm_vaults_twist,
          vaults_room_fancy_cross, vaults_room_grid
Vaults:4: st_quartered_hall, nicolae_vaults_network_periphery,
          vaults_room_fours, grunt_vaults_bifocal, v_misc_5, v_alt_pattern_4,
          nicolae_vaults_network_star, nicolae_vaults_mini_display_case,
          ontoclasm_vaults_tryst, nicolae_vaults_yaktaur_gun_rack,
          ontoclasm_vaults_misaligned, serial_ice_g,
          nicolae_vaults_little_squares_2
Crypt:1:  grunt_megastairs_1
Crypt:2:  uniq_jory
Crypt:3:  due_elkab, due_unseen_surprise
Abyss:4:  evilmike_abyss_exit_14, evilmike_abyss_rune_elephants_shrine
Lab:      labyrinth_watery, nicolae_lab_swirl, nicolae_lab_grate,
          nicolae_lab_do_over, nicolae_lab_flowing_pool
Bazaar:   bazaar_lake
IceCv:    ice_cave_small_dragons

Skill      XL: |  1  2  3  4  5  6  7  8  9 10 11 12 13 14 15 16 17 18 19 20 21 22 |
---------------+-------------------------------------------------------------------+-----
Unarmed Combat | 4 5 6 7 9 11 12 14 15 16 17 20 22 25 | 25.0
Shields        | 1 2 4 5 6 7 8 11 12 | 12.7
Fighting       | 4 5 6 7 9 10 13 16 17 | 17.0
Dodging        | 4 5 6 8 9 11 13 | 13.6
Evocations     | 2 4 5 |  5.8
Transmutations | 4 6 8 |  8.9
Spellcasting   | 2 3 5 6 |  6.0
Earth Magic    | 4 8 |  8.6
Charms         | 1 |  1.5
Necromancy     | 1 |  1.7
Stealth        | |  1.1

Action                   |  1- 3 |  4- 6 |  7- 9 | 10-12 | 13-15 | 16-18 | 19-21 | 22-24 || total
-------------------------+-------+-------+-------+-------+-------+-------+-------+-------++-------
Melee: Unarmed           |    94 |    50 |   333 |   630 |  1804 |  1053 |   959 |   358 ||  5281
       Punch             |     2 |       |       |       |       |       |       |       ||     2
       Kick              |       |       |       |       |   583 |   369 |     8 |       ||   960
Throw: Large rock        |     2 |     1 |     6 |    12 |    41 |    13 |       |       ||    75
 Cast: Repel Missiles    |       |       |       |       |     2 |     7 |     2 |       ||    11
       Statue Form       |       |       |       |       |     1 |    48 |    40 |    17 ||   106
       Blink             |       |       |       |       |     1 |       |       |     1 ||     2
       Regeneration      |       |       |       |       |       |     9 |     9 |    29 ||    47
Invok: Curse Item        |     1 |       |     1 |     1 |     4 |     1 |     1 |       ||     9
       Scrying           |       |       |     1 |       |       |     2 |       |     2 ||     5
 Abil: End Transformatio |       |       |       |       |       |    10 |       |     6 ||    16
       Evoke Invisibilit |       |       |       |       |       |     1 |       |       ||     1
Evoke: Wand              |       |       |       |     6 |     6 |    20 |     5 |     8 ||    45
       Phial of floods   |       |       |       |       |       |     1 |       |       ||     1
       Box of beasts     |       |       |       |       |       |     1 |       |       ||     1
       Rod               |       |       |       |       |       |       |     2 |       ||     2
  Use: Scroll            |       |     6 |     3 |     7 |    28 |    16 |    20 |     3 ||    83
       Potion            |       |       |     2 |     5 |     4 |    15 |     7 |     2 ||    35
 Stab: Sleeping          |     1 |     1 |       |     3 |    19 |     2 |     5 |     1 ||    32
       Invisible         |       |       |     2 |     6 |       |       |       |       ||     8
       Distracted        |       |       |       |       |     3 |       |       |     1 ||     4
       Confused          |       |       |       |       |     3 |     2 |       |       ||     5
  Eat: Chunk             |     9 |     5 |    24 |    35 |    63 |    54 |    73 |    13 ||   276
       Fruit             |       |     1 |       |       |     4 |       |       |       ||     5
       Pizza             |       |       |       |       |     1 |     7 |       |       ||     8
       Bread ration      |       |       |       |       |       |     3 |       |     3 ||     6
       Beef jerky        |       |       |       |       |       |       |     1 |       ||     1
Armor: Robe              |    34 |     8 |    42 |    65 |       |       |     3 |       ||   152
       Skin              |       |       |     5 |    10 |    49 |   361 |   193 |   156 ||   774
       Troll leather arm |       |       |       |     8 |   240 |    12 |     1 |       ||   261
Dodge: Dodged            |    42 |     5 |    60 |   139 |   927 |   936 |   450 |   242 ||  2801
       Deflected         |       |       |       |       |     1 |    20 |    15 |     1 ||    37
Block: Shield            |       |    15 |   157 |   426 |  1289 |  1032 |    59 |       ||  2978
       Reflection        |       |       |       |    41 |     7 |       |       |       ||    48
       Large shield      |       |       |       |       |       |       |  1184 |   546 ||  1730
